Map: Rhoskallian LE

Players

Massa - Winner!

  • Race: Terran Terran
  • League: Platinum
  • Spawn Location: 12:00

qqq - Winner!

  • Race: Protoss Protoss
  • League: Platinum
  • Spawn Location: 11:00

bonta

  • Race: Terran Terran
  • League: Diamond
  • Spawn Location: 5:00

snadge

  • Race: Terran Terran
  • League: Diamond
  • Spawn Location: 6:00

VOD

Have the link to the VOD?

Description

Time

  • Played on: Dec. 10, 2020, 1:42 p.m.
  • Length: 14:21
Show
View Real Time Build Order
Export as new Build Order

Massa Terran - Winner!

Build Orders:  

Get SALT Encoding   

  12  0:00  SCV  
  13  0:12  SCV  
  14  0:24  SCV  
  14  0:25  Supply Depot  
  15  0:35  Refinery  
  15  0:46  SCV  
  15  0:48  Barracks  
  16  0:58  SCV  
  16  1:00  Supply Depot  
  17  1:10  SCV  
  18  1:13  Refinery  
  18  1:23  Supply Depot  
  18  1:24  SCV  
  19  1:37  Supply Depot  
  19  1:39  Reaper  
  20  1:42  SCV  
  21  2:00  Orbital Command  
  21  2:06  Factory  
  21  2:14  Barracks Tech Lab  
  21  2:32  SCV  
  22  3:12  Starport  
  22  3:14  Hellion  
  22  3:15  Reaper  
  25  3:24  SCV  
  26  3:40  Command Center  
  26  3:51  Hellion  
  28  4:06  SCV  
  28  4:08  Banshee  
  32  4:10  Cloaking Field  
  32  4:14  Reaper, Hellion  
  32  4:17  Bunker  
  32  4:18  SCV  
  33  4:30  SCV  
  34  4:35  Hellion  
  36  4:46  Marine  
  36  4:51  Banshee  
  40  4:53  Orbital Command  
  40  4:54  SCV  
  41  5:04  Marine  
  41  5:06  SCV  
  42  5:33  Banshee  
  45  6:16  Banshee  
  42  6:51  SCV  
  42  6:52  SCV  
  44  7:04  SCV x2, Viking  
  44  7:07  Factory Tech Lab  
  48  7:13  Barracks x2  
  48  7:14  Barracks  
  48  7:16  SCV x2, Barracks x2  
  50  7:23  Command Center  
  50  7:28  SCV  
  51  7:34  Viking  
  54  7:59  Barracks Tech Lab  
  54  8:00  Cyclone  
  54  8:02  Barracks  
  54  8:04  Viking  
  58  8:12  Engineering Bay  
  58  8:32  Cyclone  
  63  8:44  Supply Depot  
  63  8:45  Supply Depot x2  
  63  8:46  Missile Turret, Supply Depot x3  
  63  8:47  Missile Turret  
  63  8:48  Supply Depot  
  57  8:49  Missile Turret x3  
  57  8:53  Viking  
  57  8:55  Marine x3  
  57  8:56  Marine x4  
  57  9:01  Missile Turret  
  64  9:07  SCV x2  
  64  9:08  Missile Turret  
  64  9:09  Missile Turret  
  66  9:11  Missile Turret, Supply Depot  
  66  9:13  Marine x4  
  66  9:14  Marine, Supply Depot  
  71  9:23  Viking  
  73  9:24  Stimpack  
  73  9:26  Barracks Tech Lab  
  73  9:32  Marauder, Marine x5  
  80  9:49  Marine  
  80  9:50  Marine x2  
  83  10:10  Terran Infantry Weapons Level 1, Supply Depot  
  83  10:13  Armory  
  83  10:20  Siege Tank  
  86  10:22  Barracks Reactor  
  86  10:23  Barracks Reactor, Barracks Tech Lab  
  86  10:24  Barracks Reactor  
  86  10:31  Marauder x2  
  86  10:32  Barracks Tech Lab, Supply Depot  
  86  10:35  Refinery  
  90  10:36  Refinery  
  90  10:38  SCV  
  90  10:39  SCV  
  90  10:40  Orbital Command  
  92  10:48  Raven  
  94  10:50  SCV, Combat Shield  
  94  10:51  SCV, Concussive Shells  
  94  10:52  Marauder, Marine  
  94  10:53  Marine x2  
  94  10:54  Missile Turret  
  101  11:02  SCV, Command Center  
  101  11:03  SCV  
  103  11:10  Marine  
  103  11:11  Marine x2  
  104  11:12  Missile Turret  
  104  11:13  Marine  
  104  11:14  SCV  
  104  11:15  SCV  
  104  11:16  Marine x5  
  104  11:17  Marine  
  113  11:26  SCV, Missile Turret  
  113  11:28  Marine  
  113  11:29  Marine x2, Missile Turret  
  113  11:30  Missile Turret x2  
  113  11:31  Marine  
  113  11:32  Medivac  
  119  11:34  Marine x4  
  119  11:37  Missile Turret  
  123  11:48  Missile Turret  
  123  11:52  Missile Turret  
  123  11:57  Marauder x2, Marine  
  123  11:58  Marauder x2, Marine x3  
  123  12:00  SCV  
  136  12:19  Marauder  
  108  12:48  Marauder  
  108  12:49  Marauder x3, Marine x6  
  109  13:03  Siege Tank  
  106  13:07  Marine x2  
  106  13:10  Marauder x4  
  112  13:18  SCV x3  
  115  13:22  Orbital Command  
  115  13:26  Missile Turret  
  115  13:30  SCV x3  
  115  13:31  Marauder  
  120  13:35  Siege Tank  
  123  13:42  SCV x3, Armory  
  123  13:45  Armory, Engineering Bay  
  123  13:46  Missile Turret  
  126  13:52  Refinery  
  126  13:54  SCV  
  126  13:55  SCV x2  
  129  14:06  SCV  
  129  14:07  Missile Turret  
Show
View Real Time Build Order
Export as new Build Order

qqq Protoss - Winner!

Build Orders:  

Get SALT Encoding   

  12  0:01  Probe  
  13  0:19  Probe  
  13  0:20  Pylon  
  14  0:38  Probe  
  15  0:50  Probe  
  15  0:54  Gateway  
  16  0:59  Assimilator  
  16  1:02  Probe  
  17  1:23  Pylon  
  17  1:30  Probe  
  18  1:42  Probe  
  19  1:47  Cybernetics Core  
  19  1:52  Nexus  
  19  2:08  Pylon  
  19  2:15  Probe  
  20  2:27  Probe  
  20  2:31  Stalker (Chrono Boost)  
  22  2:39  Probe, Assimilator  
  23  2:46  Pylon  
  23  2:51  Probe  
  23  2:58  Stalker (Chrono Boost)  
  26  3:05  Probe  
  27  3:12  Probe  
  28  3:17  Probe  
  29  3:21  Stalker  
  29  3:24  Probe  
  30  3:29  Probe  
  31  3:36  Probe  
  32  3:41  Probe  
  33  3:48  Probe  
  33  3:51  Stalker  
  33  3:53  Probe  
  36  3:58  Twilight Council  
  36  4:05  Probe  
  37  4:12  Assimilator  
  37  4:17  Probe  
  38  4:24  Stalker  
  40  4:41  Probe x2  
  42  4:46  Blink (Chrono Boost)  
  42  4:53  Probe x2  
  42  4:54  Stalker  
  46  5:05  Probe x2  
  38  5:17  Probe  
  38  5:18  Probe  
  37  5:24  Stalker  
  39  5:30  Probe x2  
  41  5:42  Probe x2  
  43  5:54  Probe x2, Gateway  
  43  5:55  Pylon  
  45  5:58  Forge  
  45  6:06  Probe  
  46  6:13  Probe  
  46  6:18  Probe  
  49  6:25  Probe  
  49  6:30  Templar Archives, Probe  
  49  6:32  Dark Shrine  
  50  6:34  Gateway  
  50  6:37  Probe  
  51  6:42  Probe  
  52  6:49  Probe  
  53  6:54  Probe  
  54  7:10  Probe x2  
  52  7:18  Stalker  
  54  7:24  Pylon  
  54  7:27  Pylon  
  54  7:28  Pylon  
  54  7:29  Pylon  
  54  7:32  Pylon  
  54  7:34  Pylon  
  54  7:35  Probe  
  53  7:42  Stalker  
  55  7:47  Stalker  
  49  8:07  Assimilator  
  49  8:12  Stalker x2  
  51  8:14  Stargate x2  
  51  8:17  Stalker  
  55  8:25  Pylon  
  55  8:27  Pylon  
  55  8:31  Photon Cannon  
  55  8:35  Photon Cannon  
  55  8:39  Pylon  
  55  8:42  Pylon, Stalker x2  
  55  8:47  Stalker  
  61  8:53  Pylon  
  61  8:54  Nexus  
  61  8:57  Void Ray (Chrono Boost)  
  61  9:00  Void Ray (Chrono Boost)  
  61  9:01  Pylon  
  69  9:12  Stalker x2  
  73  9:27  Void Ray (Chrono Boost), Protoss Air Weapons Level 1 (Chrono Boost)  
  73  9:33  Photon Cannon  
  73  9:37  Photon Cannon  
  77  9:51  Void Ray  
  79  10:05  Fleet Beacon  
  79  10:09  Probe  
  80  10:15  Nexus  
  80  10:18  Void Ray  
  80  10:21  Probe, Pylon  
  81  10:24  Pylon  
  85  10:33  Probe  
  86  10:45  Probe  
  86  10:48  Photon Cannon  
  86  10:49  Shield Battery  
  87  10:52  Photon Cannon  
  87  10:56  Tempest, Photon Cannon  
  92  10:57  Probe  
  92  10:58  Void Ray  
  97  11:09  Probe  
  93  11:29  Protoss Air Armor Level 1  
  89  11:57  Tempest, Carrier, Nexus  
  89  11:59  Nexus  
  98  12:34  Void Ray  
  98  12:55  Void Ray  
  96  13:12  Stargate  
  92  13:15  Stargate  
  92  13:17  Tempest  
  93  13:22  Dark Templar  
  93  13:23  Stalker x2  
  99  13:37  Probe x2  
  99  13:40  Probe  
  107  13:45  Assimilator  
  107  13:49  Probe x2  
  107  13:52  Probe, Assimilator  
  110  14:01  Probe x2  
  117  14:04  Probe, Nexus  
  118  14:11  Robotics Facility  
Show
View Real Time Build Order
Export as new Build Order

bonta Terran 

Build Orders:  

Get SALT Encoding   

  12  0:00  SCV  
  13  0:12  SCV  
  14  0:18  Supply Depot  
  14  0:24  SCV  
  15  0:30  Refinery  
  15  0:40  SCV  
  16  0:52  SCV  
  16  0:54  Barracks  
  17  1:04  SCV  
  18  1:16  SCV  
  19  1:28  SCV  
  20  1:40  SCV  
  20  1:41  Refinery  
  20  1:46  Reaper, Supply Depot  
  22  1:52  Orbital Command  
  22  2:14  Command Center  
  22  2:18  SCV  
  22  2:30  SCV  
  23  2:43  SCV  
  24  2:51  Factory  
  24  2:55  SCV  
  25  3:07  SCV  
  25  3:11  Supply Depot  
  26  3:28  Command Center  
  26  3:36  Orbital Command  
  26  3:43  SCV  
  27  3:54  Refinery  
  27  3:55  SCV  
  28  3:58  Refinery  
  28  4:05  Starport, SCV  
  28  4:07  Starport, SCV  
  30  4:18  SCV  
  30  4:22  Supply Depot  
  31  4:25  Supply Depot  
  31  4:30  SCV x2  
  33  4:44  Starport Tech Lab, Engineering Bay  
  33  4:45  Fusion Core  
  33  4:46  Starport Tech Lab  
  33  4:49  SCV x2  
  35  5:00  SCV  
  35  5:01  SCV x2  
  35  5:05  Supply Depot  
  38  5:13  SCV  
  39  5:14  Planetary Fortress  
  39  5:19  Missile Turret  
  38  5:22  SCV  
  38  5:25  SCV  
  40  5:28  Armory  
  40  5:35  Armory  
  40  5:38  Battlecruiser  
  46  5:46  Widow Mine  
  46  5:48  Viking  
  50  5:54  Missile Turret  
  50  5:56  Missile Turret  
  50  6:06  Missile Turret  
  50  6:12  Missile Turret  
  50  6:16  SCV x2  
  51  6:18  Terran Vehicle And Ship Armor Level 1  
  51  6:27  SCV  
  51  6:28  SCV  
  52  6:38  SCV  
  52  6:39  SCV  
  54  6:40  SCV  
  54  6:45  Battlecruiser x2  
  61  7:22  Weapon Refit  
  61  7:25  Supply Depot x2  
  61  7:37  Terran Ship Weapons Level 1  
  59  7:50  Battlecruiser x2  
  68  8:14  SCV x2  
  70  8:23  SCV  
  70  8:26  Refinery, SCV x2  
  73  8:29  Missile Turret  
  73  8:33  Missile Turret  
  73  8:34  Missile Turret  
  73  8:35  SCV  
  73  8:38  SCV  
  73  8:39  SCV  
  76  8:47  SCV  
  77  8:50  SCV  
  77  8:51  SCV  
  79  8:59  SCV, Battlecruiser  
  86  9:03  SCV x2  
  88  9:11  Terran Vehicle And Ship Armor Level 2, SCV  
  88  9:15  SCV x2  
  91  9:23  Refinery  
  91  9:24  SCV  
  92  9:27  SCV x2  
  94  9:36  SCV  
  95  9:39  SCV x2  
  97  10:06  Battlecruiser x2  
  109  10:13  Neosteel Armor  
  109  10:23  Starport, Command Center  
  109  10:24  Starport  
  109  10:25  Starport  
  103  11:33  Starport Tech Lab x3  
  103  11:35  Battlecruiser x2  
  115  11:41  Planetary Fortress  
  115  11:53  SCV, Hi-Sec Auto Tracking  
  116  11:57  Battlecruiser  
  116  12:00  Missile Turret  
  116  12:01  Missile Turret  
  122  12:02  Missile Turret  
  122  12:03  Missile Turret  
  122  12:05  Missile Turret  
  122  12:20  Missile Turret  
  112  12:40  Battlecruiser  
  87  13:35  Viking  
  87  13:39  SCV x3  
  92  13:43  Refinery  
  92  13:45  Refinery  
  92  13:51  SCV x3  
Show
View Real Time Build Order
Export as new Build Order

snadge Terran 

Build Orders:  

Get SALT Encoding   

  12  0:00  SCV  
  13  0:13  SCV  
  14  0:24  Supply Depot  
  14  0:25  SCV  
  15  0:46  SCV  
  15  0:47  Barracks  
  16  0:59  SCV  
  16  1:01  Refinery  
  17  1:10  Refinery, Barracks  
  17  1:12  SCV  
  18  1:24  Barracks  
  18  1:42  Orbital Command  
  18  1:50  Reaper  
  19  2:00  Reaper  
  20  2:18  Reaper  
  21  2:35  Reaper x2  
  23  2:41  Supply Depot  
  23  3:03  Reaper  
  24  3:07  Reaper x2, Command Center  
  26  3:13  SCV  
  26  3:17  Factory  
  25  3:43  Reaper x3  
  28  3:53  SCV  
  29  4:02  Command Center  
  29  4:11  Supply Depot  
  29  4:18  Armory  
  29  4:26  Factory Tech Lab  
  29  4:41  Barracks Tech Lab  
  29  4:42  Orbital Command  
  29  4:52  Siege Tank  
  21  5:44  Orbital Command  
  21  5:45  Marine x3  
  20  6:03  Marine x3  
  18  6:13  SCV  
  18  6:14  SCV  
  17  6:23  Orbital Command  
  17  6:37  Orbital Command  
  17  6:58  Marine x2  
  17  6:59  Marine  
  14  7:09  SCV x2  
  14  7:16  Marine x2  
  8  7:41  Engineering Bay  
  8  7:42  SCV  
  8  7:43  SCV  
  10  7:45  Cyclone  
  10  7:46  SCV  
  12  7:54  SCV  
  12  7:55  SCV  
  14  8:00  SCV  
  15  8:07  SCV x2  
  17  8:16  SCV  
  15  8:29  SCV x2  
  17  8:37  Factory Tech Lab  
  17  8:42  SCV  
  17  8:46  SCV  
  19  8:50  SCV  
  20  8:57  SCV  
  20  8:59  SCV  
  22  9:08  SCV  
  22  9:09  SCV  
  24  9:11  SCV  
  25  9:20  SCV  
  25  9:21  SCV  
  25  9:23  SCV  
  28  9:27  Engineering Bay  
  28  9:30  Cyclone  
  31  9:32  SCV  
  31  9:34  SCV  
  31  9:38  SCV  
  34  9:44  SCV  
  35  9:46  SCV  
  35  9:50  SCV, Terran Vehicle Weapons Level 1  
  37  9:56  SCV  
  37  9:58  SCV  
  39  10:01  Missile Turret  
  39  10:02  SCV  
  39  10:03  Missile Turret  
  40  10:09  SCV  
  40  10:10  Cyclone  
  44  10:14  SCV  
  44  10:16  Refinery  
  44  10:18  Missile Turret  
  44  10:21  Refinery, SCV  
  46  10:24  SCV  
  46  10:28  Refinery  
  47  10:30  Refinery  
  47  10:31  SCV  
  48  10:38  SCV x2  
  50  10:43  SCV  
  50  10:45  Missile Turret  
  50  10:49  Thor  
  57  10:50  SCV x2  
  57  10:56  SCV  
  60  11:01  Hi-Sec Auto Tracking  
  60  11:02  SCV  
  60  11:03  SCV  
  62  11:05  Missile Turret  
  62  11:08  SCV  
  63  11:17  SCV x2  
  65  11:35  SCV x2  
  67  11:43  Missile Turret  
  67  11:45  Terran Vehicle And Ship Armor Level 1  
  67  11:48  SCV  
  67  11:49  SCV  
  67  11:51  Command Center  
  69  11:55  Factory  
  69  12:23  SCV  
  69  12:24  SCV  
  56  12:31  Siege Tank  
  53  12:44  SCV x2  
  53  12:45  SCV  
  56  13:03  Siege Tank  
  59  13:15  Marine  
  59  13:16  Marine x2  
  62  13:25  SCV  
  62  13:27  Orbital Command  
  63  13:33  Marine  
  63  13:34  Marine x2  
  64  13:35  Factory Tech Lab, Siege Tank  
  69  13:43  Supply Depot  
  69  13:44  Supply Depot  
  69  13:46  Supply Depot  
  68  13:51  Marine  
  68  13:52  Marine x2  
Tags
 
Add a new tag
Caveats
  • Supply blocks, unpowered buildings, or Contaminate may cause inaccurate times.
  • Supply counts are checked every 10 seconds.